2646 views
Uploaded 2021-08-15 23:53:20
Game version 1.32.10
37:20 long 4on4 ladder game on (8)Battleground_LV
Saved by Teelo
2646 views
Uploaded 2021-08-15 23:53:20
Game version 1.32.10
37:20 long 4on4 ladder game on (8)Battleground_LV

292 units @ 45.8k
/ 7.7k
95 buildings @ 15.8k
/ 7.8k

| Healing Salve | 3 | 300 |
| Orb of Lightning | 4 | 1500 |
| Tiny Great Hall | 1 | 600 |
| Potion of Healing | 1 | 150 |
| Scroll of Town Portal | 1 | 350 |
| total: | 10 | 2900g |
| Peon | 25 | 1875 | / | 0 |
| Troll Headhunter | 3 | 420 | / | 60 |
| Raider | 13 | 2340 | / | 520 |
| Troll Batrider | 29 | 4640 | / | 1160 |
| Wind Rider | 10 | 2650 | / | 400 |
| Demolisher | 6 | 1320 | / | 300 |
| total: | 86 | 13245g | / | 2440w |
| Orc Burrow | 7 | 1120 | / | 280 |
| Altar of Storms | 1 | 180 | / | 50 |
| Voodoo Lounge | 1 | 130 | / | 30 |
| Barracks | 3 | 540 | / | 150 |
| War Mill | 1 | 205 | / | 0 |
| Great Hall | 1 | 385 | / | 185 |
| Beastiary | 4 | 580 | / | 560 |
| Stronghold | 1 | 315 | / | 190 |
| Fortress | 1 | 325 | / | 190 |
| total: | 18 | 3140g | / | 1255w |
| 0:06 | Orc Burrow |
| 0:07 | Peon |
| 0:07 | Peon |
| 0:07 | Peon |
| 0:08 | Peon |
| 0:11 | Peon |
| 0:53 | Altar of Storms |
| 1:03 | Orc Burrow |
| 1:15 | Peon |
| 1:34 | Voodoo Lounge |
| 1:36 | Peon |
| 1:37 | Peon |
| 2:05 | Orc Burrow |
| 2:13 | Peon |
| 2:15 | Pillage |
| 2:43 | Barracks |
| 2:55 | War Mill |
| 3:23 | Stronghold |
| 3:27 | Wind Walk |
| 4:19 | Steel Melee Weapons |
| 4:22 | Steel Armor |
| 4:31 | Orc Burrow |
| 4:44 | Troll Headhunter |
| 4:45 | Troll Headhunter |
| 4:54 | Troll Headhunter |
| 5:23 | Spiked Barricades |
| 5:38 | Orc Burrow |
| 5:49 | Beastiary |
| 5:54 | Beastiary |
| 5:57 | Beastiary |
| 6:03 | Beastiary |
| 6:31 | Critical Strike |
| 7:06 | Raider |
| 7:09 | Raider |
| 7:26 | Healing Salve |
| 7:44 | Raider |
| 7:50 | Raider |
| 8:16 | Raider |
| 8:22 | Raider |
| 8:37 | Wind Walk |
| 8:49 | Raider |
| 8:54 | Raider |
| 9:08 | Healing Salve |
| 9:35 | Thorium Melee Weapons |
| 9:50 | Ensnare |
| 10:11 | Fortress |
| 10:45 | Great Hall |
| 11:11 | Thorium Armor |
| 11:13 | Raider |
| 11:28 | Raider |
| 11:40 | Raider |
| 12:04 | Raider |
| 12:16 | Raider |
| 13:06 | Arcanite Melee Weapons |
| 14:22 | Liquid Fire |
| 14:27 | Steel Ranged Weapons |
| 14:32 | Troll Batrider |
| 14:34 | Troll Batrider |
| 14:36 | Troll Batrider |
| 14:37 | Troll Batrider |
| 14:38 | Troll Batrider |
| 14:40 | Troll Batrider |
| 14:48 | Orb of Lightning |
| 14:52 | Peon |
| 14:52 | Peon |
| 15:21 | Troll Batrider |
| 15:23 | Troll Batrider |
| 15:30 | Peon |
| 15:31 | Peon |
| 15:38 | Troll Batrider |
| 15:47 | Thorium Ranged Weapons |
| 16:52 | Troll Batrider |
| 16:57 | Peon |
| 16:57 | Peon |
| 16:58 | Peon |
| 17:02 | Peon |
| 17:02 | Peon |
| 17:02 | Peon |
| 17:02 | Peon |
| 17:08 | Troll Batrider |
| 17:34 | Troll Batrider |
| 17:36 | Troll Batrider |
| 18:14 | Orb of Lightning |
| 18:20 | Troll Batrider |
| 18:20 | Troll Batrider |
| 18:22 | Critical Strike |
| 18:33 | Scroll of Town Portal |
| 18:51 | Arcanite Ranged Weapons |
| 18:54 | Troll Batrider |
| 18:57 | Troll Batrider |
| 18:59 | Troll Batrider |
| 19:25 | Tiny Great Hall |
| 19:36 | Troll Batrider |
| 19:39 | Troll Batrider |
| 21:02 | Envenomed Spears |
| 21:06 | Wind Rider |
| 21:06 | Wind Rider |
| 21:06 | Wind Rider |
| 21:42 | Arcanite Armor |
| 22:06 | Wind Rider |
| 22:29 | Peon |
| 22:29 | Peon |
| 22:39 | Peon |
| 22:39 | Peon |
| 22:39 | Peon |
| 22:59 | Wind Rider |
| 23:01 | Wind Rider |
| 23:09 | Orb of Lightning |
| 23:27 | Wind Rider |
| 23:28 | Wind Rider |
| 23:43 | Improved Spiked Barricades |
| 23:50 | Orc Burrow |
| 23:55 | Orc Burrow |
| 24:36 | Wind Rider |
| 24:37 | Wind Rider |
| 25:07 | Troll Batrider |
| 25:15 | Troll Batrider |
| 25:27 | Troll Batrider |
| 25:43 | Wind Walk |
| 26:24 | Troll Batrider |
| 27:15 | Troll Batrider |
| 27:39 | Troll Batrider |
| 27:41 | Troll Batrider |
| 27:43 | Troll Batrider |
| 28:06 | Troll Batrider |
| 28:32 | Wind Walk |
| 29:30 | Burning Oil |
| 29:35 | Barracks |
| 29:37 | Barracks |
| 30:00 | Potion of Healing |
| 30:04 | Healing Salve |
| 30:11 | Orb of Lightning |
| 30:15 | Demolisher |
| 30:48 | Demolisher |
| 31:44 | Demolisher |
| 31:47 | Demolisher |
| 33:28 | Demolisher |
| 33:29 | Demolisher |
| Right click | 516 |
| Select | 503 |
| Build/train/purchase | 144 |
| Chat | 53 |
| Use ability | 41 |
| Misc. action | 11 |
| Remove unit | 5 |
| Item give/drop | 4 |



| Scroll of Regeneration | 5 | 500 |
| Lesser Clarity Potion | 2 | 140 |
| Potion of Healing | 1 | 150 |
| Scroll of Town Portal | 3 | 1050 |
| total: | 11 | 1840g |
| Peasant | 14 | 1050 | / | 0 |
| Rifleman | 29 | 5945 | / | 870 |
| Footman | 1 | 135 | / | 0 |
| Sorceress | 7 | 1085 | / | 140 |
| Priest | 8 | 1080 | / | 80 |
| Spell Breaker | 9 | 1935 | / | 270 |
| Knight | 4 | 980 | / | 240 |
| Mortar Team | 4 | 720 | / | 280 |
| Siege Engine | 2 | 390 | / | 120 |
| total: | 78 | 13320g | / | 2000w |
| Altar of Kings | 1 | 180 | / | 50 |
| Farm | 11 | 880 | / | 220 |
| Barracks | 2 | 320 | / | 120 |
| Blacksmith | 1 | 140 | / | 60 |
| Arcane Vault | 1 | 130 | / | 30 |
| Town Hall | 1 | 385 | / | 205 |
| Lumber Mill | 1 | 120 | / | 0 |
| Arcane Sanctum | 1 | 150 | / | 140 |
| Workshop | 4 | 560 | / | 560 |
| Keep | 2 | 640 | / | 420 |
| Castle | 6 | 2160 | / | 1260 |
| total: | 23 | 2865g | / | 1385w |
| 0:01 | Peasant |
| 0:02 | Peasant |
| 0:07 | Peasant |
| 0:37 | Peasant |
| 0:48 | Altar of Kings |
| 0:53 | Farm |
| 0:55 | Barracks |
| 0:57 | Blacksmith |
| 1:01 | Peasant |
| 1:11 | Peasant |
| 1:22 | Peasant |
| 1:28 | Farm |
| 1:45 | Peasant |
| 2:09 | Rifleman |
| 2:17 | Arcane Vault |
| 2:24 | Farm |
| 2:33 | Rifleman |
| 2:51 | Summon Water Elemental |
| 3:06 | Rifleman |
| 3:25 | Scroll of Regeneration |
| 3:26 | Rifleman |
| 3:39 | Farm |
| 4:00 | Keep |
| 4:10 | Brilliance Aura |
| 4:20 | Rifleman |
| 4:27 | Lesser Clarity Potion |
| 4:48 | Rifleman |
| 5:06 | Farm |
| 5:36 | Black Gunpowder |
| 5:47 | Farm |
| 5:48 | Rifleman |
| 6:23 | Summon Water Elemental |
| 6:30 | Farm |
| 6:55 | Scroll of Regeneration |
| 6:57 | Scroll of Town Portal |
| 7:06 | Long Rifles |
| 8:06 | Footman |
| 8:07 | Rifleman |
| 8:17 | Arcane Sanctum |
| 8:21 | Storm Bolt |
| 8:25 | Castle |
| 8:40 | Rifleman |
| 8:45 | Scroll of Regeneration |
| 9:16 | Potion of Healing |
| 9:43 | Rifleman |
| 9:44 | Sorceress |
| 9:46 | Peasant |
| 9:46 | Peasant |
| 9:47 | Peasant |
| 9:49 | Scroll of Regeneration |
| 10:24 | Priest |
| 10:38 | Town Hall |
| 11:31 | Rifleman |
| 12:00 | Rifleman |
| 12:01 | Sorceress |
| 12:12 | Spell Breaker |
| 12:12 | Spell Breaker |
| 12:46 | Peasant |
| 12:46 | Peasant |
| 12:46 | Peasant |
| 13:03 | Spell Breaker |
| 13:10 | Lumber Mill |
| 13:40 | Rifleman |
| 13:44 | Farm |
| 13:45 | Farm |
| 13:46 | Thunder Clap |
| 14:01 | Brilliance Aura |
| 14:06 | Rifleman |
| 14:09 | Castle |
| 14:25 | Farm |
| 14:27 | Farm |
| 14:29 | Improved Lumber Harvesting |
| 14:30 | Storm Bolt |
| 15:24 | Rifleman |
| 15:24 | Rifleman |
| 15:24 | Rifleman |
| 15:26 | Barracks |
| 15:38 | Scroll of Regeneration |
| 15:41 | Sorceress |
| 15:42 | Sorceress |
| 15:48 | Refined Gunpowder |
| 15:53 | Rifleman |
| 15:53 | Rifleman |
| 16:08 | Rifleman |
| 16:09 | Rifleman |
| 16:31 | Summon Water Elemental |
| 16:34 | Thunder Clap |
| 16:50 | Spell Breaker |
| 16:50 | Spell Breaker |
| 16:50 | Spell Breaker |
| 17:06 | Imbued Gunpowder |
| 17:59 | Sorceress |
| 17:59 | Sorceress |
| 18:23 | Priest |
| 18:23 | Priest |
| 18:23 | Priest |
| 18:31 | Scroll of Town Portal |
| 18:58 | Animal War Training |
| 19:04 | Knight |
| 19:29 | Lesser Clarity Potion |
| 19:31 | Scroll of Town Portal |
| 19:55 | Knight |
| 20:28 | Thunder Clap |
| 20:30 | Mass Teleport |
| 20:32 | Storm Bolt |
| 20:47 | Rifleman |
| 21:06 | Priest |
| 21:07 | Priest |
| 21:22 | Rifleman |
| 22:08 | Avatar |
| 22:12 | Rifleman |
| 22:45 | Knight |
| 22:52 | Priest Adept Training |
| 22:53 | Priest |
| 22:53 | Priest |
| 22:53 | Sorceress |
| 23:28 | Brilliance Aura |
| 23:31 | Rifleman |
| 23:31 | Rifleman |
| 23:31 | Rifleman |
| 24:03 | Rifleman |
| 24:11 | Thunder Clap |
| 24:35 | Spell Breaker |
| 24:35 | Spell Breaker |
| 24:35 | Spell Breaker |
| 25:42 | Blizzard |
| 26:05 | Rifleman |
| 26:08 | Holy Light |
| 26:41 | Knight |
| 26:59 | Bash |
| 27:00 | Divine Shield |
| 29:38 | Priest Master Training |
| 32:30 | Workshop |
| 32:32 | Workshop |
| 33:25 | Holy Light |
| 33:38 | Workshop |
| 33:39 | Workshop |
| 33:40 | Mortar Team |
| 33:41 | Mortar Team |
| 33:41 | Mortar Team |
| 34:55 | Siege Engine |
| 34:55 | Siege Engine |
| 35:41 | Blizzard |
| 36:02 | Mortar Team |
| 37:04 | Divine Shield |
| Right click | 3761 |
| Select group | 2858 |
| Select | 1318 |
| Build/train/purchase | 286 |
| Misc. action | 280 |
| Assign group | 179 |
| Chat | 145 |
| Use ability | 52 |
| Remove unit | 14 |
| Item give/drop | 1 |
| Minimap ping | 1 |

| Lesser Clarity Potion | 3 | 210 |
| Moonstone | 2 | 100 |
| Potion of Healing | 1 | 150 |
| Orb of Venom | 1 | 325 |
| Anti-magic Potion | 1 | 100 |
| Scroll of Town Portal | 3 | 1050 |
| Ivory Tower | 1 | 40 |
| total: | 12 | 1975g |
| Wisp | 24 | 1440 | / | 0 |
| Archer | 5 | 650 | / | 50 |
| Huntress | 2 | 390 | / | 40 |
| Hippogryph | 25 | 4000 | / | 500 |
| Chimaera | 3 | 990 | / | 210 |
| total: | 59 | 7470g | / | 800w |
| Ancient Protector | 4 | 540 | / | 320 |
| Altar of Elders | 1 | 180 | / | 50 |
| Ancient of War | 1 | 150 | / | 60 |
| Moon Well | 8 | 1440 | / | 320 |
| Ancient of Wonders | 1 | 90 | / | 30 |
| Hunter's Hall | 1 | 210 | / | 100 |
| Tree of Life | 3 | 1020 | / | 555 |
| Ancient of Wind | 4 | 600 | / | 560 |
| Ancient of Lore | 1 | 155 | / | 145 |
| Chimaera Roost | 4 | 560 | / | 760 |
| Tree of Ages | 1 | 320 | / | 180 |
| Tree of Eternity | 1 | 330 | / | 200 |
| Arcane Tower | 1 | 70 | / | 50 |
| total: | 28 | 4945g | / | 2900w |
| 0:02 | Wisp |
| 0:02 | Wisp |
| 0:02 | Wisp |
| 0:23 | Altar of Elders |
| 0:28 | Wisp |
| 0:32 | Ancient of War |
| 0:40 | Wisp |
| 0:40 | Wisp |
| 0:58 | Moon Well |
| 1:13 | Wisp |
| 1:13 | Wisp |
| 1:31 | Ancient of Wonders |
| 1:46 | Wisp |
| 1:46 | Wisp |
| 1:54 | Archer |
| 2:15 | Hunter's Hall |
| 2:28 | Moon Well |
| 2:44 | Moon Well |
| 2:54 | Entangling Roots |
| 3:22 | Archer |
| 3:25 | Wisp |
| 3:25 | Wisp |
| 3:43 | Archer |
| 3:56 | Tree of Ages |
| 4:02 | Strength of the Moon |
| 4:03 | Huntress |
| 4:15 | Lesser Clarity Potion |
| 4:15 | Lesser Clarity Potion |
| 4:25 | Moon Armor |
| 4:25 | Improved Moon Armor |
| 4:43 | Thorns Aura |
| 4:52 | Moon Well |
| 5:03 | Lesser Clarity Potion |
| 5:16 | Huntress |
| 5:17 | Sentinel |
| 6:22 | Tree of Life |
| 6:23 | Ancient Protector |
| 6:25 | Ancient Protector |
| 6:27 | Tree of Life |
| 6:32 | Ancient Protector |
| 6:48 | Moon Glaive |
| 6:49 | Improved Bows |
| 6:53 | Wisp |
| 6:53 | Wisp |
| 6:54 | Wisp |
| 6:54 | Wisp |
| 7:17 | Improved Strength of the Moon |
| 7:18 | Entangling Roots |
| 7:49 | Ancient of Wind |
| 8:12 | Moonstone |
| 8:17 | Tree of Eternity |
| 8:21 | Ancient Protector |
| 8:28 | Archer |
| 8:28 | Archer |
| 9:06 | Hippogryph |
| 9:07 | Hippogryph |
| 9:22 | Advanced Moon Armor |
| 9:24 | Hippogryph |
| 9:40 | Ivory Tower |
| 9:48 | Arcane Tower |
| 9:54 | Wisp |
| 9:54 | Wisp |
| 9:54 | Wisp |
| 9:54 | Wisp |
| 9:54 | Wisp |
| 10:14 | Hippogryph |
| 10:20 | Moonstone |
| 10:35 | Ultravision |
| 10:57 | Chimaera Roost |
| 11:14 | Hippogryph |
| 11:17 | Advanced Strength of the Moon |
| 11:21 | Moon Well |
| 11:24 | Moon Well |
| 11:57 | Thorns Aura |
| 12:44 | Well Spring |
| 12:51 | Moon Well |
| 12:57 | Moon Well |
| 13:41 | Hippogryph |
| 13:41 | Hippogryph |
| 13:42 | Hippogryph |
| 13:42 | Hippogryph |
| 13:42 | Hippogryph |
| 13:42 | Hippogryph |
| 14:33 | Thorns Aura |
| 15:34 | Strength of the Wild |
| 15:35 | Reinforced Hides |
| 15:40 | Ancient of Wind |
| 15:44 | Scroll of Town Portal |
| 15:45 | Potion of Healing |
| 15:45 | Orb of Venom |
| 15:51 | Hippogryph |
| 16:14 | Ancient of Wind |
| 16:14 | Ancient of Wind |
| 16:35 | Tranquility |
| 16:52 | Hippogryph |
| 16:52 | Hippogryph |
| 17:41 | Hippogryph |
| 17:41 | Hippogryph |
| 17:41 | Hippogryph |
| 17:43 | Improved Strength of the Wild |
| 17:43 | Improved Reinforced Hides |
| 17:46 | Wisp |
| 17:46 | Wisp |
| 18:27 | Scroll of Town Portal |
| 19:02 | Advanced Strength of the Wild |
| 19:05 | Hippogryph |
| 19:32 | Nature's Blessing |
| 20:24 | Hippogryph |
| 20:24 | Hippogryph |
| 20:24 | Hippogryph |
| 20:57 | Ancient of Lore |
| 21:25 | Advanced Reinforced Hides |
| 22:30 | Entangling Roots |
| 22:53 | Scroll of Town Portal |
| 22:56 | Anti-magic Potion |
| 23:57 | Hippogryph |
| 23:57 | Hippogryph |
| 25:41 | Force of Nature |
| 27:12 | Hippogryph |
| 27:12 | Hippogryph |
| 27:15 | Force of Nature |
| 27:25 | Chimaera Roost |
| 27:26 | Chimaera Roost |
| 27:27 | Chimaera Roost |
| 28:48 | Corrosive Breath |
| 29:31 | Chimaera |
| 29:31 | Chimaera |
| 30:27 | Chimaera |
| 33:28 | Wisp |
| 34:36 | Tree of Life |
| 35:47 | Force of Nature |
| Right click | 778 |
| Select group | 610 |
| Select | 291 |
| Assign group | 249 |
| Chat | 218 |
| Misc. action | 212 |
| Build/train/purchase | 145 |
| Use ability | 73 |
| Item give/drop | 3 |
| Esc | 3 |
| Minimap ping | 1 |


| Potion of Healing | 1 | 150 |
| Orb of Venom | 1 | 325 |
| Staff of Preservation | 1 | 150 |
| Scroll of Healing | 3 | 750 |
| total: | 6 | 1375g |
| Wisp | 20 | 1200 | / | 0 |
| Archer | 10 | 1300 | / | 100 |
| Huntress | 3 | 585 | / | 60 |
| Hippogryph | 6 | 960 | / | 120 |
| Dryad | 5 | 725 | / | 300 |
| Mountain Giant | 9 | 3150 | / | 900 |
| Chimaera | 4 | 1320 | / | 280 |
| Glaive Thrower | 11 | 2310 | / | 715 |
| Forest Troll Shadow Priest | 1 | 195 | / | 10 |
| total: | 69 | 11745g | / | 2485w |
| Ancient Protector | 2 | 270 | / | 160 |
| Ancient of War | 1 | 150 | / | 60 |
| Altar of Elders | 1 | 180 | / | 50 |
| Moon Well | 12 | 2160 | / | 480 |
| Hunter's Hall | 1 | 210 | / | 100 |
| Ancient of Wonders | 1 | 90 | / | 30 |
| Tree of Life | 3 | 1020 | / | 555 |
| Ancient of Wind | 1 | 150 | / | 140 |
| Ancient of Lore | 2 | 310 | / | 290 |
| Chimaera Roost | 2 | 280 | / | 380 |
| Tree of Ages | 1 | 320 | / | 180 |
| Tree of Eternity | 1 | 330 | / | 200 |
| total: | 26 | 4820g | / | 2245w |
| 0:06 | Ancient of War |
| 0:09 | Wisp |
| 0:09 | Wisp |
| 0:09 | Wisp |
| 0:20 | Altar of Elders |
| 0:32 | Moon Well |
| 0:51 | Wisp |
| 1:06 | Wisp |
| 1:09 | Wisp |
| 1:22 | Wisp |
| 1:41 | Wisp |
| 1:42 | Wisp |
| 2:01 | Moon Well |
| 2:04 | Moon Well |
| 2:11 | Wisp |
| 2:11 | Wisp |
| 2:14 | Archer |
| 2:27 | Archer |
| 2:45 | Archer |
| 2:51 | Searing Arrows |
| 3:04 | Hunter's Hall |
| 3:21 | Ancient of Wonders |
| 3:28 | Archer |
| 3:42 | Moon Well |
| 4:06 | Trueshot Aura |
| 4:24 | Strength of the Moon |
| 4:25 | Tree of Ages |
| 4:43 | Forest Troll Shadow Priest |
| 5:27 | Moon Well |
| 5:28 | Moon Well |
| 5:44 | Huntress |
| 5:45 | Huntress |
| 5:45 | Huntress |
| 5:48 | Moon Armor |
| 6:00 | Ancient Protector |
| 6:47 | Trueshot Aura |
| 7:03 | Tree of Eternity |
| 7:11 | Ancient of Wind |
| 7:15 | Ancient Protector |
| 7:21 | Scroll of Healing |
| 7:21 | Scroll of Healing |
| 7:21 | Scroll of Healing |
| 8:46 | Ancient of Lore |
| 9:05 | Potion of Healing |
| 9:51 | Marksmanship |
| 9:52 | Improved Bows |
| 9:55 | Archer |
| 9:55 | Archer |
| 9:55 | Archer |
| 9:56 | Archer |
| 9:57 | Archer |
| 9:59 | Hippogryph |
| 9:59 | Hippogryph |
| 10:00 | Hippogryph |
| 10:00 | Hippogryph |
| 10:00 | Hippogryph |
| 10:05 | Abolish Magic |
| 10:47 | Breath of Fire |
| 11:18 | Searing Arrows |
| 12:40 | Dryad |
| 12:41 | Dryad |
| 12:44 | Wisp |
| 12:44 | Wisp |
| 12:44 | Wisp |
| 12:44 | Wisp |
| 12:44 | Wisp |
| 12:54 | Hippogryph |
| 14:22 | Archer |
| 14:34 | Dryad |
| 14:34 | Dryad |
| 14:34 | Dryad |
| 14:36 | Wisp |
| 15:04 | Searing Arrows |
| 15:50 | Chimaera Roost |
| 15:53 | Chimaera Roost |
| 16:55 | Hardened Skin |
| 16:55 | Resistant Skin |
| 17:02 | Ancient of Lore |
| 17:10 | Wisp |
| 17:10 | Wisp |
| 17:10 | Wisp |
| 17:15 | Tree of Life |
| 17:48 | Moon Well |
| 17:49 | Moon Well |
| 17:50 | Moon Well |
| 18:16 | Mountain Giant |
| 18:41 | Mountain Giant |
| 18:54 | Orb of Venom |
| 19:00 | Staff of Preservation |
| 19:06 | Mountain Giant |
| 19:11 | Mountain Giant |
| 19:36 | Drunken Brawler |
| 19:55 | Mountain Giant |
| 20:46 | Mountain Giant |
| 20:54 | Moon Well |
| 20:55 | Moon Well |
| 20:56 | Moon Well |
| 22:57 | Tree of Life |
| 24:25 | Reinforced Hides |
| 25:00 | Mountain Giant |
| 26:38 | Starfall |
| 27:28 | Mountain Giant |
| 27:30 | Mountain Giant |
| 27:59 | Corrosive Breath |
| 28:12 | Improved Reinforced Hides |
| 28:12 | Advanced Reinforced Hides |
| 29:03 | Chimaera |
| 29:03 | Chimaera |
| 30:00 | Chimaera |
| 31:12 | Tree of Life |
| 31:55 | Breath of Fire |
| 31:59 | Chimaera |
| 32:24 | Vorpal Blades |
| 32:41 | Trueshot Aura |
| 32:48 | Glaive Thrower |
| 32:48 | Glaive Thrower |
| 32:49 | Glaive Thrower |
| 34:22 | Glaive Thrower |
| 34:22 | Glaive Thrower |
| 34:22 | Glaive Thrower |
| 34:22 | Glaive Thrower |
| 35:35 | Drunken Brawler |
| 36:06 | Glaive Thrower |
| 36:06 | Glaive Thrower |
| 36:06 | Glaive Thrower |
| 36:06 | Glaive Thrower |
| Right click | 1873 |
| Select group | 775 |
| Select | 584 |
| Misc. action | 217 |
| Build/train/purchase | 191 |
| Assign group | 37 |
| Use ability | 31 |
| Remove unit | 6 |
| Minimap ping | 5 |
174 units @ 24.7k
/ 3.3k
222 buildings @ 18.1k
/ 8.2k

| Lesser Clarity Potion | 9 | 630 |
| Healing Salve | 9 | 900 |
| Orb of Lightning | 1 | 375 |
| Potion of Healing | 1 | 150 |
| Scroll of Town Portal | 6 | 2100 |
| total: | 26 | 4155g |
| Peon | 11 | 825 | / | 0 |
| Troll Headhunter | 7 | 980 | / | 140 |
| Shaman | 11 | 1430 | / | 220 |
| Troll Berserker | 15 | 2100 | / | 300 |
| total: | 44 | 5335g | / | 660w |
| Altar of Storms | 1 | 180 | / | 50 |
| Orc Burrow | 10 | 1600 | / | 400 |
| War Mill | 1 | 205 | / | 0 |
| Barracks | 1 | 180 | / | 50 |
| Voodoo Lounge | 2 | 260 | / | 60 |
| Great Hall | 1 | 385 | / | 185 |
| Spirit Lodge | 1 | 150 | / | 150 |
| Stronghold | 1 | 315 | / | 190 |
| Fortress | 1 | 325 | / | 190 |
| total: | 17 | 2960g | / | 895w |
| 0:03 | Peon |
| 0:04 | Peon |
| 0:18 | Altar of Storms |
| 0:20 | Orc Burrow |
| 0:22 | Peon |
| 0:37 | Peon |
| 0:51 | Peon |
| 1:10 | War Mill |
| 1:21 | Barracks |
| 1:28 | Peon |
| 1:35 | Peon |
| 1:49 | Voodoo Lounge |
| 2:10 | Orc Burrow |
| 2:19 | War Stomp |
| 2:28 | Troll Headhunter |
| 3:06 | Stronghold |
| 3:07 | Troll Headhunter |
| 3:07 | Troll Headhunter |
| 3:11 | Lesser Clarity Potion |
| 3:26 | Troll Headhunter |
| 3:39 | Troll Headhunter |
| 4:13 | Troll Headhunter |
| 4:13 | Troll Headhunter |
| 4:37 | Healing Salve |
| 4:38 | Lesser Clarity Potion |
| 4:38 | Lesser Clarity Potion |
| 4:49 | Orc Burrow |
| 5:10 | Endurance Aura |
| 5:42 | Troll Regeneration |
| 5:43 | Fortress |
| 5:46 | Spirit Lodge |
| 6:08 | War Stomp |
| 7:05 | Shaman Adept Training |
| 7:31 | Great Hall |
| 8:08 | Shaman Master Training |
| 8:10 | Berserker Upgrade |
| 8:11 | Healing Salve |
| 8:11 | Lesser Clarity Potion |
| 8:15 | Scroll of Town Portal |
| 8:31 | Shaman |
| 8:31 | Shaman |
| 8:37 | Orc Burrow |
| 9:29 | Lesser Clarity Potion |
| 9:31 | Healing Salve |
| 9:32 | Scroll of Town Portal |
| 9:46 | Orc Burrow |
| 9:54 | Troll Berserker |
| 11:15 | Peon |
| 11:15 | Peon |
| 11:16 | Peon |
| 11:16 | Peon |
| 11:24 | Voodoo Lounge |
| 11:30 | Orc Burrow |
| 11:31 | Orc Burrow |
| 11:31 | Orc Burrow |
| 11:32 | Orc Burrow |
| 11:35 | Endurance Aura |
| 12:39 | Troll Berserker |
| 12:40 | Troll Berserker |
| 12:40 | Troll Berserker |
| 12:41 | Shaman |
| 12:41 | Shaman |
| 12:41 | Shaman |
| 12:45 | Lesser Clarity Potion |
| 12:47 | Orb of Lightning |
| 14:29 | Troll Berserker |
| 14:29 | Troll Berserker |
| 14:30 | Troll Berserker |
| 14:31 | Shaman |
| 14:31 | Shaman |
| 15:55 | Steel Ranged Weapons |
| 16:14 | Lesser Clarity Potion |
| 16:17 | Scroll of Town Portal |
| 16:29 | Troll Berserker |
| 16:30 | Troll Berserker |
| 16:30 | Troll Berserker |
| 17:36 | War Stomp |
| 17:50 | Healing Salve |
| 17:55 | Scroll of Town Portal |
| 17:59 | Lesser Clarity Potion |
| 18:02 | Lesser Clarity Potion |
| 18:13 | Troll Berserker |
| 18:13 | Troll Berserker |
| 18:35 | Shaman |
| 18:35 | Shaman |
| 19:00 | Orc Burrow |
| 19:34 | Thorium Ranged Weapons |
| 20:39 | Healing Salve |
| 20:42 | Scroll of Town Portal |
| 21:17 | Endurance Aura |
| 22:05 | Troll Berserker |
| 22:05 | Troll Berserker |
| 22:05 | Troll Berserker |
| 22:07 | Shaman |
| 22:07 | Shaman |
| 22:10 | Scroll of Town Portal |
| 22:11 | Healing Salve |
| 22:40 | Potion of Healing |
| 22:46 | Healing Salve |
| 23:27 | Healing Salve |
| 24:20 | Healing Salve |
| 25:35 | Reincarnation |
| Right click | 840 |
| Select | 365 |
| Build/train/purchase | 178 |
| Select group | 101 |
| Chat | 98 |
| Use ability | 44 |
| Assign group | 33 |
| Misc. action | 7 |
| Item give/drop | 3 |
| Remove unit | 3 |
| Minimap ping | 3 |


| Potion of Healing | 1 | 150 |
| Orb of Venom | 1 | 325 |
| Scroll of Town Portal | 8 | 2800 |
| Healing Salve | 1 | 100 |
| total: | 11 | 3375g |
| Wisp | 21 | 1260 | / | 0 |
| Archer | 26 | 3380 | / | 260 |
| Chimaera | 15 | 4950 | / | 1050 |
| Hippogryph | 10 | 1600 | / | 200 |
| Druid of the Talon | 9 | 1305 | / | 180 |
| total: | 81 | 12495g | / | 1690w |
| Ancient of War | 4 | 600 | / | 240 |
| Moon Well | 8 | 1440 | / | 320 |
| Altar of Elders | 1 | 180 | / | 50 |
| Tree of Life | 2 | 680 | / | 370 |
| Hunter's Hall | 1 | 210 | / | 100 |
| Ancient of Wonders | 1 | 90 | / | 30 |
| Ancient of Wind | 2 | 300 | / | 280 |
| Chimaera Roost | 3 | 420 | / | 570 |
| Tree of Ages | 2 | 640 | / | 360 |
| Tree of Eternity | 2 | 660 | / | 400 |
| total: | 22 | 3920g | / | 1960w |
| 0:02 | Wisp |
| 0:03 | Wisp |
| 0:03 | Wisp |
| 0:23 | Ancient of War |
| 0:36 | Moon Well |
| 0:39 | Wisp |
| 0:53 | Wisp |
| 1:01 | Wisp |
| 1:12 | Altar of Elders |
| 1:18 | Moon Well |
| 1:24 | Wisp |
| 1:30 | Archer |
| 1:45 | Wisp |
| 1:48 | Archer |
| 1:58 | Wisp |
| 2:07 | Archer |
| 2:08 | Wisp |
| 2:21 | Black Arrow |
| 2:24 | Wisp |
| 2:24 | Wisp |
| 3:08 | Tree of Ages |
| 3:51 | Tree of Life |
| 4:16 | Archer |
| 4:21 | Silence |
| 5:23 | Moon Well |
| 5:27 | Hunter's Hall |
| 5:30 | Ancient of Wonders |
| 5:32 | Tree of Eternity |
| 6:30 | Black Arrow |
| 6:47 | Healing Salve |
| 6:54 | Wisp |
| 6:54 | Wisp |
| 6:54 | Wisp |
| 6:54 | Wisp |
| 6:54 | Wisp |
| 7:03 | Improved Bows |
| 7:34 | Archer |
| 8:09 | Entangling Roots |
| 8:26 | Chimaera Roost |
| 8:29 | Wisp |
| 8:29 | Wisp |
| 8:32 | Chimaera Roost |
| 8:34 | Chimaera Roost |
| 8:37 | Well Spring |
| 8:37 | Ultravision |
| 8:37 | Strength of the Wild |
| 8:37 | Reinforced Hides |
| 8:38 | Improved Reinforced Hides |
| 8:59 | Moon Well |
| 9:03 | Moon Well |
| 9:46 | Scroll of Town Portal |
| 9:54 | Scroll of Town Portal |
| 9:55 | Potion of Healing |
| 9:55 | Orb of Venom |
| 10:00 | Moon Well |
| 10:01 | Chimaera |
| 10:01 | Corrosive Breath |
| 10:04 | Ancient of Wind |
| 10:08 | Chimaera |
| 10:50 | Ancient of Wind |
| 10:55 | Moon Well |
| 11:23 | Chimaera |
| 11:23 | Chimaera |
| 11:23 | Chimaera |
| 11:24 | Hippogryph |
| 11:57 | Hippogryph |
| 12:04 | Scroll of Town Portal |
| 12:06 | Hippogryph |
| 12:22 | Chimaera |
| 12:27 | Advanced Reinforced Hides |
| 12:51 | Silence |
| 12:52 | Force of Nature |
| 13:11 | Hippogryph |
| 13:11 | Hippogryph |
| 13:54 | Chimaera |
| 13:54 | Chimaera |
| 13:54 | Chimaera |
| 14:09 | Entangling Roots |
| 14:26 | Moon Well |
| 14:29 | Hippogryph |
| 15:49 | Chimaera |
| 15:49 | Chimaera |
| 15:50 | Hippogryph |
| 15:51 | Hippogryph |
| 16:07 | Silence |
| 16:44 | Chimaera |
| 16:45 | Chimaera |
| 16:45 | Chimaera |
| 16:47 | Hippogryph |
| 16:47 | Hippogryph |
| 17:00 | Scroll of Town Portal |
| 17:16 | Improved Strength of the Wild |
| 17:44 | Chimaera |
| 18:31 | Strength of the Moon |
| 18:31 | Moon Armor |
| 18:35 | Ancient of War |
| 18:43 | Ancient of War |
| 18:45 | Scroll of Town Portal |
| 19:02 | Tree of Life |
| 19:16 | Ancient of War |
| 19:18 | Wisp |
| 19:18 | Wisp |
| 19:23 | Force of Nature |
| 20:41 | Archer |
| 20:41 | Archer |
| 20:42 | Marksmanship |
| 20:44 | Improved Strength of the Moon |
| 20:51 | Scroll of Town Portal |
| 20:57 | Archer |
| 20:57 | Archer |
| 20:57 | Archer |
| 21:04 | Charm |
| 21:18 | Archer |
| 21:19 | Archer |
| 21:37 | Druid of the Talon |
| 21:39 | Druid of the Talon |
| 21:46 | Archer |
| 21:46 | Archer |
| 21:47 | Archer |
| 22:23 | Archer |
| 22:23 | Archer |
| 22:24 | Archer |
| 22:24 | Druid of the Talon |
| 22:25 | Druid of the Talon |
| 22:51 | Scroll of Town Portal |
| 22:53 | Archer |
| 22:53 | Archer |
| 22:54 | Archer |
| 22:55 | Druid of the Talon |
| 22:56 | Druid of the Talon |
| 23:26 | Advanced Strength of the Moon |
| 23:26 | Improved Moon Armor |
| 24:14 | Black Arrow |
| 24:28 | Archer |
| 24:29 | Archer |
| 24:29 | Archer |
| 24:30 | Druid of the Talon |
| 24:30 | Druid of the Talon |
| 24:31 | Druid of the Talon |
| 24:42 | Scroll of Town Portal |
| 24:55 | Archer |
| 24:55 | Archer |
| Right click | 772 |
| Select group | 743 |
| Select | 334 |
| Misc. action | 251 |
| Build/train/purchase | 139 |
| Assign group | 52 |
| Use ability | 35 |
| Minimap ping | 7 |
| Remove unit | 3 |
| Esc | 2 |
| Peasant | 15 | 1125 | / | 0 |
| total: | 15 | 1125g | / | 0w |
| Scout Tower | 125 | 3750 | / | 2500 |
| Guard Tower | 28 | 1960 | / | 1400 |
| Arcane Tower | 34 | 2380 | / | 1700 |
| Lumber Mill | 11 | 1320 | / | 0 |
| Farm | 4 | 320 | / | 80 |
| Blacksmith | 1 | 140 | / | 60 |
| Altar of Kings | 1 | 180 | / | 50 |
| Arcane Vault | 1 | 130 | / | 30 |
| Cannon Tower | 21 | 2520 | / | 2100 |
| Workshop | 1 | 140 | / | 140 |
| Keep | 1 | 320 | / | 210 |
| Castle | 1 | 360 | / | 210 |
| Hunter's Hall | 11 | 2310 | / | 1100 |
| total: | 155 | 8290g | / | 3960w |
| 1:23 | Peasant |
| 1:23 | Peasant |
| 1:23 | Peasant |
| 1:24 | Peasant |
| 1:24 | Peasant |
| 1:44 | Lumber Mill |
| 2:13 | Lumber Mill |
| 2:15 | Lumber Mill |
| 2:28 | Lumber Mill |
| 2:41 | Lumber Mill |
| 2:52 | Farm |
| 3:29 | Peasant |
| 3:29 | Peasant |
| 3:29 | Peasant |
| 3:29 | Peasant |
| 3:29 | Peasant |
| 3:30 | Peasant |
| 3:39 | Farm |
| 3:43 | Farm |
| 3:50 | Farm |
| 4:25 | Scout Tower |
| 4:28 | Scout Tower |
| 4:44 | Improved Lumber Harvesting |
| 4:45 | Improved Masonry |
| 4:54 | Scout Tower |
| 4:58 | Scout Tower |
| 5:04 | Scout Tower |
| 5:08 | Scout Tower |
| 5:30 | Blacksmith |
| 5:33 | Keep |
| 5:38 | Scout Tower |
| 5:45 | Scout Tower |
| 6:03 | Scout Tower |
| 6:06 | Scout Tower |
| 6:09 | Scout Tower |
| 6:14 | Scout Tower |
| 6:17 | Scout Tower |
| 6:33 | Scout Tower |
| 6:38 | Scout Tower |
| 6:40 | Scout Tower |
| 6:44 | Scout Tower |
| 6:50 | Altar of Kings |
| 6:54 | Scout Tower |
| 7:03 | Scout Tower |
| 7:07 | Scout Tower |
| 7:12 | Scout Tower |
| 7:15 | Scout Tower |
| 7:19 | Scout Tower |
| 7:25 | Scout Tower |
| 7:28 | Scout Tower |
| 7:39 | Scout Tower |
| 7:42 | Scout Tower |
| 7:57 | Guard Tower |
| 8:04 | Lumber Mill |
| 8:16 | Scout Tower |
| 8:27 | Scout Tower |
| 8:30 | Scout Tower |
| 8:35 | Advanced Lumber Harvesting |
| 8:36 | Advanced Masonry |
| 9:12 | Workshop |
| 9:27 | Guard Tower |
| 9:40 | Peasant |
| 9:41 | Peasant |
| 9:41 | Peasant |
| 9:41 | Peasant |
| 10:18 | Cannon Tower |
| 10:20 | Cannon Tower |
| 10:21 | Cannon Tower |
| 10:23 | Cannon Tower |
| 10:37 | Scout Tower |
| 11:16 | Cannon Tower |
| 11:18 | Cannon Tower |
| 11:19 | Arcane Tower |
| 11:20 | Arcane Tower |
| 11:21 | Arcane Tower |
| 11:25 | Arcane Tower |
| 11:26 | Arcane Tower |
| 11:27 | Arcane Tower |
| 11:28 | Arcane Tower |
| 11:29 | Arcane Tower |
| 11:55 | Scout Tower |
| 12:38 | Arcane Tower |
| 12:44 | Castle |
| 12:49 | Arcane Tower |
| 12:50 | Arcane Tower |
| 12:54 | Guard Tower |
| 12:55 | Guard Tower |
| 12:56 | Guard Tower |
| 12:57 | Guard Tower |
| 12:58 | Guard Tower |
| 12:59 | Arcane Tower |
| 13:01 | Arcane Tower |
| 13:02 | Arcane Tower |
| 13:03 | Guard Tower |
| 13:04 | Arcane Tower |
| 13:10 | Arcane Tower |
| 13:26 | Scout Tower |
| 13:49 | Scout Tower |
| 13:55 | Scout Tower |
| 13:57 | Guard Tower |
| 14:27 | Arcane Tower |
| 14:29 | Guard Tower |
| 14:38 | Scout Tower |
| 15:05 | Cannon Tower |
| 15:08 | Scout Tower |
| 15:31 | Scout Tower |
| 15:36 | Scout Tower |
| 15:43 | Scout Tower |
| 15:44 | Scout Tower |
| 15:49 | Cannon Tower |
| 16:14 | Scout Tower |
| 16:17 | Scout Tower |
| 16:18 | Scout Tower |
| 16:22 | Scout Tower |
| 16:26 | Imbued Masonry |
| 16:52 | Scout Tower |
| 16:53 | Scout Tower |
| 16:55 | Scout Tower |
| 16:57 | Scout Tower |
| 17:04 | Scout Tower |
| 17:32 | Arcane Vault |
| 17:37 | Scout Tower |
| 17:40 | Scout Tower |
| 17:43 | Scout Tower |
| 17:46 | Scout Tower |
| 18:20 | Cannon Tower |
| 18:21 | Cannon Tower |
| 18:22 | Cannon Tower |
| 18:23 | Cannon Tower |
| 18:24 | Cannon Tower |
| 18:25 | Cannon Tower |
| 18:26 | Cannon Tower |
| 18:27 | Cannon Tower |
| 18:37 | Scout Tower |
| 18:39 | Arcane Tower |
| 18:40 | Arcane Tower |
| 18:41 | Arcane Tower |
| 18:42 | Arcane Tower |
| 18:43 | Arcane Tower |
| 18:44 | Arcane Tower |
| 18:45 | Arcane Tower |
| 19:08 | Scout Tower |
| 19:12 | Arcane Tower |
| 19:36 | Arcane Tower |
| 19:40 | Scout Tower |
| 20:50 | Scout Tower |
| 21:30 | Scout Tower |
| 22:37 | Scout Tower |
| 23:06 | Guard Tower |
| 23:08 | Guard Tower |
| 23:09 | Guard Tower |
| 23:09 | Guard Tower |
| 23:13 | Scout Tower |
| 23:29 | Scout Tower |
| 23:30 | Scout Tower |
| 23:44 | Scout Tower |
| 23:46 | Scout Tower |
| 24:17 | Guard Tower |
| 24:20 | Scout Tower |
| 24:25 | Cannon Tower |
| 24:26 | Cannon Tower |
| 24:28 | Scout Tower |
| 24:30 | Scout Tower |
| 24:34 | Scout Tower |
| 24:35 | Scout Tower |
| 24:50 | Lumber Mill |
| 24:57 | Guard Tower |
| 24:59 | Scout Tower |
| 25:04 | Scout Tower |
| 25:08 | Scout Tower |
| 25:11 | Cannon Tower |
| 25:11 | Cannon Tower |
| 25:14 | Scout Tower |
| 25:16 | Scout Tower |
| 25:38 | Guard Tower |
| 25:41 | Scout Tower |
| 25:46 | Guard Tower |
| 25:47 | Arcane Tower |
| 25:51 | Scout Tower |
| 25:53 | Scout Tower |
| 25:56 | Scout Tower |
| 25:59 | Scout Tower |
| 26:07 | Lumber Mill |
| 26:31 | Guard Tower |
| 26:33 | Scout Tower |
| 26:36 | Scout Tower |
| 26:55 | Scout Tower |
| 26:57 | Scout Tower |
| 27:33 | Hunter's Hall |
| 27:34 | Hunter's Hall |
| 27:37 | Hunter's Hall |
| 27:41 | Hunter's Hall |
| 27:43 | Hunter's Hall |
| 27:46 | Hunter's Hall |
| 27:47 | Hunter's Hall |
| 27:51 | Hunter's Hall |
| 27:53 | Hunter's Hall |
| 27:56 | Hunter's Hall |
| 27:57 | Hunter's Hall |
| 28:04 | Guard Tower |
| 28:06 | Scout Tower |
| 28:08 | Scout Tower |
| 28:15 | Scout Tower |
| 28:16 | Scout Tower |
| 28:22 | Scout Tower |
| 28:23 | Scout Tower |
| 28:29 | Scout Tower |
| 28:36 | Guard Tower |
| 28:37 | Guard Tower |
| 28:40 | Arcane Tower |
| 29:02 | Arcane Tower |
| 29:04 | Guard Tower |
| 29:05 | Arcane Tower |
| 29:12 | Scout Tower |
| 29:35 | Scout Tower |
| 29:36 | Scout Tower |
| 29:38 | Scout Tower |
| 29:39 | Scout Tower |
| 29:42 | Scout Tower |
| 29:43 | Scout Tower |
| 29:45 | Scout Tower |
| 29:46 | Scout Tower |
| 29:48 | Scout Tower |
| 29:50 | Scout Tower |
| 29:52 | Scout Tower |
| 29:55 | Guard Tower |
| 29:57 | Scout Tower |
| 30:15 | Lumber Mill |
| 30:17 | Lumber Mill |
| 30:19 | Lumber Mill |
| 30:25 | Scout Tower |
| 30:27 | Scout Tower |
| 30:29 | Scout Tower |
| 30:33 | Scout Tower |
| 30:36 | Guard Tower |
| 30:48 | Cannon Tower |
| 30:51 | Scout Tower |
| 31:05 | Guard Tower |
| 31:30 | Scout Tower |
| 31:33 | Scout Tower |
| 31:36 | Scout Tower |
| 31:37 | Scout Tower |
| 32:03 | Scout Tower |
| 32:06 | Scout Tower |
| 32:07 | Scout Tower |
| 32:11 | Scout Tower |
| 32:12 | Guard Tower |
| 32:38 | Guard Tower |
| 32:42 | Scout Tower |
| 32:43 | Scout Tower |
| 32:46 | Scout Tower |
| 32:48 | Scout Tower |
| 33:20 | Arcane Tower |
| 33:25 | Scout Tower |
| 33:27 | Scout Tower |
| 33:28 | Scout Tower |
| 33:30 | Scout Tower |
| 33:57 | Arcane Tower |
| 33:58 | Arcane Tower |
| 35:00 | Arcane Tower |
| Chat | 628 |
| Select | 431 |
| Right click | 228 |
| Build/train/purchase | 106 |
| Misc. action | 27 |



| Lesser Clarity Potion | 1 | 70 |
| Staff of Sanctuary | 2 | 500 |
| Scroll of Regeneration | 1 | 100 |
| Scroll of Town Portal | 4 | 1400 |
| Boots of Speed | 1 | 250 |
| total: | 9 | 2320g |
| Peasant | 16 | 1200 | / | 0 |
| Gryphon Rider | 11 | 3080 | / | 770 |
| Dragonhawk Rider | 6 | 1200 | / | 180 |
| Forest Troll Berserker | 1 | 245 | / | 30 |
| total: | 34 | 5725g | / | 980w |
| Scout Tower | 8 | 240 | / | 160 |
| Guard Tower | 3 | 210 | / | 150 |
| Lumber Mill | 1 | 120 | / | 0 |
| Farm | 10 | 800 | / | 200 |
| Altar of Kings | 1 | 180 | / | 50 |
| Arcane Vault | 1 | 130 | / | 30 |
| Blacksmith | 1 | 140 | / | 60 |
| Town Hall | 2 | 770 | / | 410 |
| Barracks | 1 | 160 | / | 60 |
| Gryphon Aviary | 3 | 420 | / | 450 |
| Keep | 1 | 320 | / | 210 |
| Castle | 1 | 360 | / | 210 |
| total: | 28 | 2960g | / | 1420w |
| 0:04 | Peasant |
| 0:04 | Peasant |
| 0:04 | Peasant |
| 0:04 | Peasant |
| 0:04 | Peasant |
| 0:40 | Lumber Mill |
| 0:52 | Farm |
| 0:57 | Peasant |
| 1:03 | Farm |
| 1:12 | Altar of Kings |
| 1:16 | Peasant |
| 1:24 | Arcane Vault |
| 1:42 | Peasant |
| 1:42 | Peasant |
| 1:42 | Peasant |
| 1:54 | Improved Lumber Harvesting |
| 2:22 | Black Arrow |
| 2:39 | Keep |
| 2:46 | Farm |
| 3:18 | Farm |
| 3:21 | Blacksmith |
| 3:59 | Farm |
| 4:02 | Farm |
| 4:08 | Scout Tower |
| 4:12 | Improved Masonry |
| 4:18 | Silence |
| 5:11 | Castle |
| 5:17 | Town Hall |
| 5:56 | Iron Forged Swords |
| 6:14 | Brilliance Aura |
| 6:24 | Peasant |
| 6:24 | Peasant |
| 6:24 | Peasant |
| 6:25 | Peasant |
| 6:26 | Peasant |
| 6:29 | Scout Tower |
| 6:39 | Lesser Clarity Potion |
| 6:56 | Gryphon Aviary |
| 7:16 | Gryphon Aviary |
| 7:35 | Frost Arrows |
| 8:11 | Black Arrow |
| 8:45 | Gryphon Rider |
| 9:12 | Gryphon Aviary |
| 9:16 | Peasant |
| 9:18 | Guard Tower |
| 9:58 | Gryphon Rider |
| 10:08 | Town Hall |
| 10:24 | Summon Water Elemental |
| 10:54 | Scout Tower |
| 10:57 | Scout Tower |
| 10:59 | Scout Tower |
| 11:01 | Scout Tower |
| 11:04 | Scout Tower |
| 11:07 | Scout Tower |
| 11:34 | Farm |
| 11:39 | Farm |
| 11:47 | Farm |
| 11:50 | Farm |
| 12:08 | Guard Tower |
| 12:26 | Scroll of Town Portal |
| 12:26 | Staff of Sanctuary |
| 12:32 | Advanced Lumber Harvesting |
| 12:36 | Gryphon Rider |
| 12:37 | Gryphon Rider |
| 12:38 | Gryphon Rider |
| 13:47 | Boots of Speed |
| 13:53 | Gryphon Rider |
| 14:50 | Gryphon Rider |
| 14:55 | Gryphon Rider |
| 14:58 | Storm Hammers |
| 15:25 | Silence |
| 15:27 | Mana Shield |
| 15:34 | Brilliance Aura |
| 15:40 | Staff of Sanctuary |
| 16:59 | Gryphon Rider |
| 17:01 | Barracks |
| 17:10 | Brilliance Aura |
| 17:46 | Gryphon Rider |
| 18:13 | Steel Forged Swords |
| 18:14 | Studded Leather Armor |
| 18:16 | Advanced Masonry |
| 18:17 | Guard Tower |
| 18:57 | Scroll of Town Portal |
| 19:01 | Dragonhawk Rider |
| 19:25 | Backpack |
| 19:27 | Animal War Training |
| 19:32 | Imbued Masonry |
| 20:22 | Gryphon Rider |
| 20:28 | Black Arrow |
| 20:48 | Scroll of Town Portal |
| 20:55 | Dragonhawk Rider |
| 20:57 | Dragonhawk Rider |
| 21:02 | Reinforced Leather Armor |
| 22:00 | Summon Water Elemental |
| 22:01 | Summon Water Elemental |
| 22:20 | Dragonhawk Rider |
| 22:49 | Forest Troll Berserker |
| 24:04 | Dragonhawk Rider |
| 24:09 | Charm |
| 24:41 | Scroll of Town Portal |
| 24:42 | Scroll of Regeneration |
| 24:58 | Dragonhawk Rider |
| 25:00 | Dragonhide Armor |
| Right click | 1039 |
| Select group | 381 |
| Select | 256 |
| Build/train/purchase | 119 |
| Assign group | 80 |
| Misc. action | 50 |
| Use ability | 47 |
| Minimap ping | 20 |
| Item give/drop | 2 |
| Esc | 2 |
⇛